 Dungeon Crawl Stone Soup version 0.26-a0-264-g3a471323bd (webtiles) character file.

Game seed: 2055495908737274862

4956 BritishOli the Protected (level 10, -7/77 HPs)
             Began as a Demonspawn Fighter on July 11, 2020.
             Was a Believer of Okawaru.
             Killed from afar by an electric eel (9 damage)
             ... with a bolt of electricity
             ... on level 9 of the Dungeon.
             The game lasted 00:09:00 (10177 turns).

BritishOli the Protected (Demonspawn Fighter)      Turns: 10177, Time: 00:09:01

Health: -7/77      AC: 14    Str: 19    XL:     10   Next: 28%
Magic:  10/10      EV:  8    Int: 10    God:    Okawaru [**....]
Gold:   430        SH: 10    Dex: 13    Spells: 9/9 levels left

rFire    . . .     SeeInvis .   a - +0 long sword
rCold    + . .     Faith    .   c - +0 kite shield
rNeg     . . .     Spirit   .   b - +0 scale mail
rPois    .         Reflect  .   (no helmet)
rElec    .         Harm     .   (no cloak)
rCorr    .                      (no gloves)
MR       .....                  (no boots)
Stlth    ..........             (no amulet)
HPRegen  0.22/turn              (no ring)
MPRegen  0.12/turn              (no ring)

@: sanguine armour
A: talons 1, cold resistance 1, spiny 2, freezing cloud immunity, sanguine
armour 1
a: Heroism, Renounce Religion


You were on level 9 of the Dungeon.
You worshipped Okawaru.
Okawaru was pleased with you.
You were not hungry.

You visited 2 branches of the dungeon, and saw 10 of its levels.

You collected 430 gold pieces.

Inventory:

Hand Weapons
 a - a +0 long sword (weapon)
Missiles
 i - 6 silver javelins (quivered)
 w - 6 boomerangs
Armour
 b - a +0 scale mail (worn)
 c - a +0 kite shield (worn)
 j - a +0 plate armour
Jewellery
 o - an uncursed ring of protection from cold {unknown}
 u - an uncursed ring of protection from cold {unknown}
 x - a +6 ring of intelligence {unknown}
Wands
 m - a wand of flame (10)
Scrolls
 d - 4 scrolls of remove curse {unknown}
 e - 11 scrolls of identify {unknown}
 g - 4 scrolls of noise {unknown}
 h - a scroll of blinking {unknown}
 k - 4 scrolls of fog {unknown}
 n - 3 scrolls of fear {unknown}
 q - 5 scrolls of enchant armour {unknown}
 s - a scroll of teleportation {unknown}
 t - 2 scrolls of enchant weapon {unknown}
 y - a scroll of magic mapping {unknown}
 z - a scroll of immolation {unknown}
 B - a scroll of holy word {unknown}
Potions
 l - 3 potions of degeneration
 p - a potion of flight {unknown}
 r - 3 potions of curing {unknown}
 v - 2 potions of might
 A - 2 potions of haste {unknown}
Comestibles
 f - 13 rations


   Skills:
 + Level 6.8 Fighting
 * Level 8.3 Long Blades
 * Level 8.6 Armour
 + Level 6.2 Shields


You had 9 spell levels left.
You didn't know any spells.
Your spell library contained the following spells:

 Spells                   Type           Power        Failure   Level
 Freeze                   Ice            #...         97%         1
 Magic Dart               Conj           #...         97%         1
 Blink                    Tloc           N/A          99%         2
 Call Imp                 Summ           #.......     99%         2
 Slow                     Hex            #.......     99%         2
 Conjure Flame            Conj/Fire      #.......     100%        3
 Frozen Ramparts          Ice            #.....       100%        3
 Mephitic Cloud           Conj/Pois/Air  #.......     100%        3
 Ozocubu's Armour         Chrm/Ice       #.......     100%        3
 Hailstorm                Conj/Ice       #.......     100%        4
 Summon Ice Beast         Ice/Summ       #.......     100%        4


Dungeon Overview and Level Annotations

Branches:
Dungeon (9/15)             Temple (1/1) D:6
   Lair: D:8-11         Orc: D:9-12

Altars:
Ashenzari
Cheibriados
Dithmenos
Elyvilon
Fedhas
Gozag
Hepliaklqana
Kikubaaqudgha
Makhleb
Nemelex Xobeh
Okawaru
Qazlal
Ru
Sif Muna
Trog
Vehumet
Wu Jian
Yredelemnul
The Shining One

Annotations:
D:4 3 runed translucent doors, Niddhogr's ghost, amateur FoVM; qipq's ghost, weakling OpEE


Innate Abilities, Weirdness & Mutations

You have sharp toenails.
Your flesh is cold resistant. (rC+)
You are mostly covered in sharp spines.
You are immune to freezing clouds.
When seriously injured, your bleeding wounds create armour. (AC +6)


Message History

The orc priest hits you from afar with a +0 trident.
The electric eel shoots out a bolt of lightning at you!
The bolt of electricity hits the electric eel.
The electric eel completely resists.
The bolt of electricity hits you!
* * * LOW HITPOINT WARNING * * *
The electric eel shoots out a bolt of lightning at you!
The bolt of electricity hits you.
* * * LOW HITPOINT WARNING * * *
You hit the orc but do no damage. Your kick misses the orc.
The orc is lightly wounded.
The electric eel shoots out a bolt of lightning at you!
The bolt of electricity hits you!
* * * LOW HITPOINT WARNING * * *
The orc hits you but does no damage.
The orc priest calls upon Beogh to heal the orc.
The orc's wounds heal themselves!
The electric eel shoots out a bolt of lightning at you!
The bolt of electricity misses the electric eel.
The bolt of electricity hits you!
You die... #.# #.# #.# #.# oo.

#o# # ######o# ...
##########....#@#...≈.
#.....................≈
#.............#.#.....;
##.............#.#...≈;≈≈≈≈
........###....#.#.....;≈≈.
.............###.#...≈≈.≈≈≈
........####.###.#....≈≈≈≈.
........# ##.........≈.;≈≈h
........+ ............≈≈≈≈h


You could see 4 electric eels, 3 orc priests and an orc.

Vanquished Creatures
  A troll (D:9)
  2 hippogriffs (D:7)
  A wyvern (D:8)
  3 ice beasts
  4 sky beasts
  3 orc warriors (D:6)
  2 phantoms
  7 ogres
  2 wolves (D:9)
  6 centaurs
  A big kobold (D:7)
  6 bullfrogs
  3 scorpions
  A howler monkey (D:6)
  A centaur zombie (D:8)
  5 hounds
  6 orc priests
  A centaur skeleton (D:4)
  4 jellies
  4 orc wizards
  A bullfrog skeleton (D:5)
  2 iguanas
  3 iron imps (D:4)
  4 worker ants
  2 hound skeletons
  2 worker ant zombies
  9 adders
  4 gnolls
  A howler monkey skeleton (D:4)
  A white imp (D:4)
  2 adder skeletons (D:4)
  An adder zombie (D:6)
  6 worms
  3 dart slugs
  5 leopard geckos
  51 orcs
  3 giant cockroaches
  3 goblins
  4 hobgoblins
  5 jackals
  5 kobolds
  4 quokkas
  6 bats
  2 frilled lizards
  A jackal skeleton (D:6)
  A leopard gecko skeleton (D:4)
  A quokka skeleton (D:7)
  9 rats
204 creatures vanquished.

Vanquished Creatures (others)
  A withered plant (D:4)
1 creature vanquished.

Grand Total: 205 creatures vanquished

Notes
Turn   | Place    | Note
-------+----------+-------------------------------------------
     0 | D:1      | BritishOli the Demonspawn Fighter began the quest for the
                  | Orb.
     0 | D:1      | Reached XP level 1. HP: 18/18 MP: 1/1
    90 | D:1      | You fall into a shaft and drop 1 floor!
   187 | D:2      | Gained mutation: Your flesh is cold resistant. (rC+)
                  | [demonic ancestry]
   187 | D:2      | Reached XP level 2. HP: 7/24 MP: 2/2
   931 | D:2      | Gained mutation: When seriously injured, your bleeding
                  | wounds create armour. (AC +6) [demonic ancestry]
   931 | D:2      | Reached XP level 3. HP: 27/29 MP: 3/3
  1289 | D:3      | Noticed an ice beast
  1298 | D:3      | Killed an ice beast
  1298 | D:3      | Reached XP level 4. HP: 21/35 MP: 4/4
  1517 | D:3      | Gained mutation: You are immune to freezing clouds.
                  | [demonic ancestry]
  1517 | D:3      | Reached XP level 5. HP: 40/41 MP: 5/5
  2395 | D:4      | Reached XP level 6. HP: 14/48 MP: 6/6
  2797 | D:4      | Gained mutation: You have sharp toenails. [demonic
                  | ancestry]
  2797 | D:4      | Reached XP level 7. HP: 20/54 MP: 7/7
  3223 | D:4      | Found a sacrificial altar of Ru.
  3363 | D:4      | Reached skill level 5 in Armour
  3515 | D:4      | Found a burning altar of Makhleb.
  3776 | D:4      | Found a runed translucent gate.
  3777 | D:4      | Found a runed translucent gate.
  3778 | D:4      | Found a runed translucent gate.
  3779 | D:4      | Noticed qipq's ghost (weakling OpEE)
  3780 | D:4      | Noticed Niddhogr's ghost (amateur FoVM)
  3807 | D:5      | Entered Level 5 of the Dungeon
  3994 | D:5      | Reached skill level 5 in Long Blades
  4419 | D:4      | Gained mutation: You are partially covered in sharp spines.
                  | [demonic ancestry]
  4419 | D:4      | Reached XP level 8. HP: 61/61 MP: 8/8
  4533 | D:5      | Reached skill level 5 in Fighting
  5275 | D:6      | Reached skill level 5 in Shields
  5460 | D:6      | Found a staircase to the Ecumenical Temple.
  5466 | Temple   | Entered the Ecumenical Temple
  5472 | Temple   | Became a worshipper of Warmaster Okawaru
  5535 | D:6      | Reached XP level 9. HP: 68/68 MP: 9/9
  5749 | D:6      | Found a blossoming altar of Fedhas.
  6171 | D:6      | Found a shattered altar of Ashenzari.
  6195 | D:6      | Found an opulent altar of Gozag.
  6360 | D:6      | Noticed a moth of wrath
  6362 | D:6      | Found a bloodstained altar of Trog.
  7071 | D:6      | HP: 1/69 [orc warrior/+0 battleaxe (21)]
  7393 | D:6      | HP: 2/69 [orc warrior/+0 mace (8)]
  7394 | D:6      | Reached * piety under Okawaru
  8707 | D:8      | Gained mutation: You are mostly covered in sharp spines.
                  | [demonic ancestry]
  8707 | D:8      | Reached XP level 10. HP: 77/77 MP: 10/10
  9382 | D:8      | Found a white marble altar of Elyvilon.
  9625 | D:9      | Reached ** piety under Okawaru
 10177 | D:9      | HP: 2/77 [electric eel/bolt of electricity (12)]
 10177 | D:9      | Killed from afar by an electric eel

Illustrated notes

Levels and vault maps discovered:
D:1:      lightli_iron_boxes, layout_loops_ring, chequers_decorated_corner
D:2:      layout_loops_cross
D:3:      layout_rooms, minivault_5
D:4:      minmay_diamond_boxcup, layout_basic, nicolae_ru_path_of_blood,
          demons_altar, gammafunk_ghost_cemetery
D:5:      layout_rooms, first_ration, serial_glass, glass_columns_a,
          glass_columns_a, glass_columns_b, glass_columns_a, glass_columns_b,
          due_unseen_surprise, item_on_display_a, minmay_strange_pillars,
          feat_on_display
D:6:      layout_layer_cave, fedhas_altar_3, nicolae_ashenzari_panopticon,
          minmay_temple_entry_nine_rooms, basic_altar, tgw_trog
D:7:      layout_cave_pools
D:8:      layout_gridville, elyvilon_altar_4
D:9:      layout_basic, erik_lair_island
Temple:   nicolae_temple_x_marks_the_god

Skill      XL: |  1  2  3  4  5  6  7  8  9 10 |
---------------+-------------------------------+-----
Long Blades    | 2 3 4 5 6 7 8 |  8.3
Armour         | 3 4 5 6 8 |  8.6
Shields        | 3 4 5 6 |  6.2
Fighting       | 4 5 6 |  6.8

Action                   |  1- 3 |  4- 6 |  7- 9 | 10-12 || total
-------------------------+-------+-------+-------+-------++-------
Melee: Long sword        |    87 |   182 |   368 |    82 ||   719
       Kick              |       |       |   142 |    28 ||   170
  Use: Potion            |       |     1 |     3 |       ||     4
  Eat: Ration            |     1 |     1 |     5 |     2 ||     9
Armor: Scale mail        |    44 |    79 |   116 |    34 ||   273
Dodge: Dodged            |    29 |    60 |   114 |    20 ||   223
Block: Kite shield       |    50 |    91 |   202 |    42 ||   385
       Rpst.: Long sword |    11 |    18 |    35 |     3 ||    67

Table legend:
 A = Non-vault XP
 B = Vault XP
 C = Vault XP percentage of total XP
 D = Non-vault monster count
 E = Vault monster count
 F = Vault count percentage of total count
                 A         B        C        D         E       F
            +---------+---------+-------+---------+---------+-------
      Total |    6131 |     949 |  13.4 |     188 |      16 |   7.8
            +---------+---------+-------+---------+---------+-------
        D:1 |       3 |       0 |   0.0 |       2 |       0 |   0.0
        D:2 |      41 |       0 |   0.0 |      16 |       0 |   0.0
        D:3 |     232 |       0 |   0.0 |      20 |       0 |   0.0
        D:4 |     682 |     383 |  36.0 |      30 |       8 |  21.1
        D:5 |     506 |       0 |   0.0 |      14 |       0 |   0.0
        D:6 |    1975 |      13 |   0.7 |      43 |       5 |  10.4
        D:7 |    1644 |       0 |   0.0 |      35 |       0 |   0.0
        D:8 |     827 |       0 |   0.0 |      21 |       0 |   0.0
        D:9 |     221 |     553 |  71.4 |       7 |       3 |  30.0
            +---------+---------+-------+---------+---------+-------
